 Dungeon Crawl Stone Soup version 0.28-a0-691-gad6df49e81 (webtiles) character file.

Game seed: 5795710818554271271

38 mordus the Shield-Bearer (level 3, -17/28 (29) HPs)
             Began as a Formicid Fighter on Oct 21, 2021.
             Demolished by Crazy Yiuf (20 damage)
             ... on level 3 of the Dungeon.
             The game lasted 00:01:47 (2611 turns).

mordus the Shield-Bearer (Formicid Fighter)         Turns: 2611, Time: 00:01:48

HP:   -17/28 (29)   AC: 12    Str: 21    XL:     3   Next: 65%
MP:   2/3           EV:  6    Int:  7    God:
Gold: 148           SH:  4    Dex: 10    Spells: 2/2 levels left

rFire   . . .      SeeInvis +   a - +0 flail
rCold   . . .      Faith    .   c - +0 buckler
rNeg    . . .      Spirit   .   h - +0 plate armour
rPois   .          Reflect  .   (helmet unavailable)
rElec   .          Harm     .   (no cloak)
rCorr   .          Rampage  .   (no gloves)
Will    .....                   o - +0 pair of boots
Stlth   ..........              (no amulet)
HPRegen 0.09/turn               (no ring)
MPRegen 0.08/turn               (no ring)

@: lightly drained
A: permanent stasis, dig shafts and tunnels, antennae 3, four strong arms
a: Dig, Shaft Self


You were on level 3 of the Dungeon.
You visited 1 branch of the dungeon, and saw 3 of its levels.

You collected 148 gold pieces.

Inventory:

Hand Weapons
 a - a +0 flail (weapon)
Missiles
 l - a throwing net
Armour
 b - a +0 scale mail
 c - a +0 buckler (worn)
 h - a +0 plate armour (worn)
 o - a +0 pair of boots (worn)
Jewellery
 e - a +6 ring of intelligence
Wands
 p - a wand of flame (14)
 q - a wand of iceblast (6)
Scrolls
 f - a scroll of enchant weapon {unknown}
 g - 4 scrolls of identify {unknown}
 j - a scroll of enchant armour {unknown}
 m - a scroll of amnesia {unknown}
Potions
 d - a potion of might
 i - a potion of experience {unknown}
 k - a potion of flight {unknown}
 n - 2 potions of curing {unknown}


   Skills:
 - Level 3.2 Fighting
 * Level 3.0 Maces & Flails
 + Level 3.7 Armour
 + Level 4.1 Shields


You had 2 spell levels left.
You didn't know any spells.
Your spell library was empty.

Dungeon Overview and Level Annotations

Branches:
Dungeon (3/15)

Altars:

Annotations:
D:3 Crazy Yiuf


Innate Abilities, Weirdness & Mutations

You cannot be hasted, slowed, berserked, paralysed or teleported.
You can dig through walls and to a lower floor.
You have a pair of large antennae on your head. (SInv)
Your four strong arms can wield two-handed weapons with a shield.


Message History

No reachable target in view!
Could not explore, unopened runed door.
No reachable target in view!
Could not explore, unopened runed door.
No reachable target in view!
You open the door.
Crazy Yiuf drinks a potion.
Crazy Yiuf flickers and vanishes for a moment.
Crazy Yiuf hits you but does no damage.
There is an open translucent door here.
You hit Crazy Yiuf.
Crazy Yiuf is lightly wounded.
You block Crazy Yiuf's attack.
You hit Crazy Yiuf.
Crazy Yiuf is moderately wounded.
Crazy Yiuf barely misses you.
You sock Crazy Yiuf!
Crazy Yiuf is severely wounded.
Crazy Yiuf hits you with a +2 quarterstaff of chaos.
You feel your power leaking away.
You hit Crazy Yiuf but do no damage.
Crazy Yiuf is severely wounded.
Crazy Yiuf screams, "Whiteboard fast mumblescurry!"
You block Crazy Yiuf's attack.
Crazy Yiuf hits you with a +2 quarterstaff of chaos.
You resist with some effort.
You barely miss Crazy Yiuf.
Crazy Yiuf is severely wounded.
Crazy Yiuf hits you with a +2 quarterstaff of chaos!
You feel drained.
* * * LOW HITPOINT WARNING * * *
You hit Crazy Yiuf.
Crazy Yiuf is almost dead.
Crazy Yiuf hits you but does no damage.
You closely miss Crazy Yiuf.
Crazy Yiuf is almost dead.
Crazy Yiuf hits you with a +2 quarterstaff of chaos.
* * * LOW HITPOINT WARNING * * *
You are electrocuted!!
Ouch! That really hurt!
You die...

##.##.#
#...(.......#
#...#[#
#.###########
##...#.# #....#
.'...#.########
##...#...'#
##...#.####
.....#.## ####
###### ........#
#)..### ##..#.##
........#
#..g@.####......#
.##.##..#
#...##..#.......#
##...##.# ####
###.#...#..#
#..≈..#.#
#######.##
..≈≈≈...# #.#
#..≈..### #.#
##...### #.#
.##.##.# ##.#
.......###
########..#


You could see Crazy Yiuf (invisible).

Vanquished Creatures
  4 ball pythons
  6 bats
  An endoplasm (D:2)
  A giant cockroach (D:3)
  4 goblins (D:1)
  4 hobgoblins
  3 jackals (D:1)
  4 kobolds
  A quokka (D:2)
  5 frilled lizards
33 creatures vanquished.

Notes
Turn   | Place    | Note
-------+----------+-------------------------------------------
     0 | D:1      | mordus the Formicid Fighter began the quest for the Orb.
     0 | D:1      | Reached XP level 1. HP: 18/18 MP: 1/1
   291 | D:1      | Reached XP level 2. HP: 24/24 MP: 2/2
   771 | D:2      | Reached skill level 4 in Shields
   771 | D:2      | Reached XP level 3. HP: 27/29 MP: 3/3
  2492 | D:3      | Found a runed translucent door.
  2493 | D:3      | Noticed Crazy Yiuf
  2611 | D:3      | Demolished by Crazy Yiuf

Illustrated notes

Levels and vault maps discovered:
D:1:      dpeg_arrival_refuge, layout_basic, lemuel_old_faithful
D:2:      layout_loops_corners, feat_on_display
D:3:      layout_basic, amcnicky_mini_pool_small, dk_noncrumbling_2,
          uniq_crazy_yiuf_cottage

Skill      XL: |  1  2  3 |
---------------+----------+-----
Shields        | 4 |  4.1
Maces & Flails | 3 |  3.0
Fighting       | |  3.2
Armour         | |  3.7

Action                   || total
-------------------------++-------
Melee: Flail             ||   114
 Abil: Dig               ||     2
Armor: Scale mail        ||    17
       Plate armour      ||    67
Dodge: Dodged            ||    34
Block: Buckler           ||    31

Table legend: (Time is in decaauts)
 A = Elapsed time spent in this place.
 B = Non-inter-level travel time spent in this place.
 C = Inter-level travel time spent in this place.
 D = Time resting spent in this place.
 E = Time spent auto-exploring this place.
 F = Levels seen in this place.
 G = Mean time per level.
                   A        B        C        D        E       F      G
               +--------+--------+--------+--------+--------+-----+--------+
         Total |   2641 |   2571 |     70 |      0 |   2212 |   3 |  880.3 |
       Dungeon |   2641 |   2571 |     70 |      0 |   2212 |   3 |  880.3 |
               +--------+--------+--------+--------+--------+-----+--------+

Top non-repeatable levels by time:
     D:3: 953 daAuts
     D:2: 925 daAuts
     D:1: 762 daAuts
